 Dungeon Crawl Stone Soup version 0.23.2-30-g0e89c35649 (webtiles) character file.

Game seed: 12117716821980807762

190620 troglodite the Warrior (level 17, -8/142 HPs)
             Began as a Demonspawn Berserker on June 9, 2019.
             Was an Elder of Trog.
             Collided with a stone wall (27 damage)
             ... caused by Bai Suzhen
             ... on level 3 of the Snake Pit on June 11, 2019.
             The game lasted 02:10:27 (34772 turns).

troglodite the Warrior (Demonspawn Berserker)      Turns: 34772, Time: 02:10:29

Health: -8/142     AC: 24    Str: 20    XL:     17   Next: 55%
Magic:  17/17      EV: 22    Int: 21    God:    Trog [****..]
Gold:   2942       SH: 14    Dex: 22    Spells: 16/16 levels left

rFire    + + .     SeeInvis .   D - +9 scimitar (flame)
rCold    + . .     Gourm    .   C - +2 shield {rF+}
rNeg     + + +     Faith    .   P - +6 scale mail of the Queen {+Fly rF- rN+ Int+3}
rPois    +         Spirit   .   y - +2 hat {Int+3}
rElec    +         Reflect  .   f - scarf {rC+ rF+}
rCorr    .         Harm     .   m - +2 pair of gloves
MR       ++++.                  I - +2 pair of boots {Stlth+}
Stlth    +++++.....             W - amulet "Zeshurad" {Fragile rElec rF+ Regen+ Dex+3}
HPRegen  0.73/turn              N - ring "Qaghodghu" {+Blink rPois rN++ Str+2}
MPRegen  0.15/turn              O - ring "Laexkonoima" {Wiz *Drain MR+++ Int+6}

@: berserk cooldown, slowed, very slow
A: horns 2, repulsion field 2, nightstalker 2, powered by pain 3
}: 1/15 runes: decaying
a: Berserk, Trog's Hand, Brothers in Arms, Renounce Religion, Evoke Blink, Evoke
Flight


You were on level 3 of the Snake Pit.
You worshipped Trog.
Trog was greatly pleased with you.
You were not hungry.

You visited 5 branches of the dungeon, and saw 29 of its levels.
You also visited: Bailey.

You collected 3791 gold pieces.
You spent 849 gold pieces at shops.

Inventory:

Hand Weapons
 D - a +9 scimitar of flaming (weapon)
 J - a +9 falchion of flaming
 T - the +8 storm bow {elec}
   (You found it on level 12 of the Dungeon)

   It charges the ammunition it shoots with electricity; occasionally upon a
   hit, such missiles may discharge and cause terrible harm.
Missiles
 V - 730 arrows
Armour
 f - a scarf of resistance (worn)
 m - a +2 pair of gloves (worn)
 y - a +2 hat of intelligence (worn)
 C - a +2 shield of fire resistance (worn)
 I - a +2 pair of boots of stealth (worn)
 P - the +6 scale mail of the Queen (worn) {+Fly rF- rN+ Int+3}
   (You found it on level 11 of the Dungeon)

   It affects your intelligence (+3).
   It makes you vulnerable to fire.
   It protects you from negative energy.
   It lets you fly.
 R - a scarf of cloud immunity
Jewellery
 l - an uncursed ring of see invisible
 z - the ring of Contention {MR- AC+4 Int+7}
   (You found it on level 6 of the Dungeon)

   [ring of protection]

   It affects your AC (+4).
   It affects your intelligence (+7).
   It affects your resistance to hostile enchantments.
 H - the ring "Gifosh" {rC+ MP+9}
   (You found it on level 9 of the Dungeon)

   [ring of magical power]

   It protects you from cold.
   It affects your magic capacity (+9).
 M - the amulet of Wium {Reflect rElec rPois Int-2 SH+2 SInv}
   (You bought it in a shop on level 14 of the Dungeon)

   [amulet of reflection]

   It shields you and reflects attacks.
   It affects your intelligence (-2).
   It insulates you from electricity.
   It protects you from poison.
   It lets you see invisible.
   It affects your SH (+2).
 N - the ring "Qaghodghu" (left hand) {+Blink rPois rN++ Str+2}
   (You bought it in a shop on level 14 of the Dungeon)

   [ring of strength]

   It affects your strength (+2).
   It protects you from poison.
   It greatly protects you from negative energy.
   It lets you blink.
 O - the ring "Laexkonoima" (right hand) {Wiz *Drain MR+++ Int+6}
   (You found it on level 11 of the Dungeon)

   [ring of wizardry]

   It improves your spell success rate.
   It affects your intelligence (+6).
   It affects your resistance to hostile enchantments.
   It causes draining when unequipped.
 W - the amulet "Zeshurad" (around neck) {Fragile rElec rF+ Regen+ Dex+3}
   (You found it on level 6 of the Lair of Beasts)

   [amulet of regeneration]

   It affects your dexterity (+3).
   It protects you from fire.
   It insulates you from electricity.
   It increases your rate of regeneration.
   It will be destroyed if unequipped.
Wands
 E - a wand of digging (12)
Scrolls
 b - 4 scrolls of fear
 d - 6 scrolls of fog
 e - 4 scrolls of teleportation
 i - a scroll of summoning
 j - 10 scrolls of remove curse
 n - 2 scrolls of blinking
 s - 6 scrolls of identify
 v - 2 scrolls of enchant weapon
 x - a scroll of silence
 G - 4 scrolls of magic mapping
Potions
 a - 8 potions of lignification
 g - 2 potions of cancellation
 k - 4 potions of heal wounds
 o - a potion of agility
 p - 2 potions of might
 q - 4 potions of flight
 t - 6 potions of brilliance
 u - 3 potions of haste
 w - 4 potions of resistance
 A - 4 potions of magic
 B - 2 potions of ambrosia
 K - 5 potions of mutation
 L - 2 potions of berserk rage
Comestibles
 c - 37 rations


   Skills:
 * Level 15.4 Fighting
 + Level 14.5 Long Blades
 * Level 8.6 Bows
 * Level 13.1 Armour
 * Level 12.0 Dodging
 + Level 6.5 Stealth
 * Level 8.0 Shields


You had 16 spell levels left.
You didn't know any spells.
Your spell library was empty.

Dungeon Overview and Level Annotations

Branches:
Dungeon (14/15)            Temple (0/1) D:4            Lair (6/6) D:11
  Swamp (4/4) Lair:2        Snake (3/4) Lair:4        Slime (0/5) Lair:6
    Orc (2/2) D:12            Elf (0/3) Orc:2        Vaults (0/5) D:13

Altars:
Dithmenos
Elyvilon
Fedhas
Nemelex Xobeh
Ru
Sif Muna
Trog
Xom
Zin
Beogh

Shops:
D:14 =   Orc:2 !=%?

Annotations:
Snake:3 Bai Suzhen


Innate Abilities, Weirdness & Mutations

You have a pair of horns on your head.
You are surrounded by a moderate repulsion field. (EV +3)
You are significantly more attuned to the shadows.
You are powered by pain.


Message History

You fail to use your ability.
You are standing in a thunderstorm.
The salamander hits you but does no damage.
You block Bai Suzhen's attack. Bai Suzhen misses you.
You block Bai Suzhen's attack.
Lightning arcs down from a storm cloud!
Unknown command.
A salamander mystic comes into view.
It is wielding a +0 dagger and wearing a +0 robe of positive energy.
You hear an angry hiss.
The salamander sizzles in the rain. x2; You block Bai Suzhen's attack. x2
Bai Suzhen misses you.
The salamander is struck by lightning.
The salamander sizzles in the rain.
The salamander unwields a +0 shortbow of flaming.
It stops flaming.
You block the salamander's attack.
You hear a shout! x2
You see here an arrow.
Bai Suzhen breathes water at you. The torrent of water hits you!!!
* * * LOW HITPOINT WARNING * * *
You are knocked back by the torrent of water.
You slam into the stone wall!
You die...

..# .###
.#.# ..# ..#
..# ### #
##### #
###§@.### #
##§D§≈N..#
#)(N≈8....#
#N)§#####...
#..N## #..
#...# #.
#... ....


You could see Bai Suzhen, a salamander mystic and 3 salamanders.

Vanquished Creatures
  the Lernaean hydra (Swamp:4)
  Gastronok (Lair:1)
  3 nagarajas
  Kirke (Lair:5)
  The ghost of slayr the Thaumaturge, a journeyman DEFE of Vehumet (Lair:5)
  An ettin (Orc:1)
  Snorg (D:14)
  A green death (Snake:1)
  8 naga warriors
  A vault guard (D:13)
  3 shambling mangroves (Swamp:2)
  A catoblepas (Lair:2)
  A merfolk avatar (Lair:6)
  22 hydras
  2 anacondas
  An ogre mage (D:14)
  8 alligators
  4 centaur warriors
  9 two-headed ogres
  3 tengu warriors (D:14)
  4 death yaks (Lair:5)
  5 orc high priests
  2 shock serpents (Snake:1)
  Nergalle (Lair:2)
  Sonja (Lair:1)
  3 salamander mystics (Snake:3)
  2 unseen horrors
  8 swamp dragons
  2 sea snakes (Lair:6)
  6 spriggan druids
  2 harpies
  4 mana vipers
  6 orc knights (Orc:2)
  3 oklob plants
  4 ugly things
  2 orc sorcerers
  2 deep elf magi
  2 manticores
  3 centaur zombies
  6 salamanders
  3 cyclopes
  20 elephants
  6 naga magi
  A guardian serpent (Snake:2)
  11 black mambas
  14 spiny frogs
  A gargoyle (D:13)
  A kobold demonologist (D:13)
  10 komodo dragons
  5 rime drakes
  2 tengu conjurers (D:13)
  An efreet (D:14)
  A freezing wraith (D:12)
  14 tyrant leeches
  7 polar bears
  6 trolls
  A queen bee (Lair:2)
  5 dream sheep
  19 blink frogs
  13 bog bodies
  15 hornets
  7 hippogriffs
  16 slime creatures
  5 wyverns
  A vampire (D:12)
  8 spriggans
  2 shadows
  41 yaks
  3 basilisks
  2 fire elementals (Snake:1)
  A water elemental (D:11)
  3 hogs (Lair:5)
  A wraith (D:10)
  A hungry ghost (D:14)
  12 vampire mosquitoes
  Menkaure (D:5)
  Edmund (D:5)
  17 nagas
  9 insubstantial wisps
  A warg (Orc:1)
  A hell hound (Snake:1)
  19 swamp worms
  An acid dragon (D:12)
  31 water moccasins
  Duvessa (D:7)
  15 swamp drakes
  41 orc warriors
  10 porcupines
  4 ice beasts
  A necrophage (D:14)
  18 ogres
  3 phantoms
  4 sky beasts
  A boggart (D:12)
  2 eyes of draining
  13 wolves
  16 centaurs
  15 crocodiles
  2 big kobolds
  16 bullfrogs
  A wyvern zombie (D:11)
  A gnoll sergeant (D:7)
  A wyvern skeleton (D:7)
  Dowan (D:7)
  3 scorpions
  40 killer bees
  5 howler monkeys
  14 wights
  4 electric eels
  8 crimson imps
  6 jellies
  2 quasits
  3 bullfrog skeletons
  5 hounds
  26 orc priests
  5 centaur skeletons
  33 orc wizards
  Terence (D:3)
  4 iguanas
  12 worker ants
  A howler monkey skeleton (D:9)
  8 gnolls
  19 adders
  6 shadow imps
  3 oozes
  3 adder skeletons
  A worm (D:2)
  2 dart slugs
  4 leopard geckos
  110 orcs
  2 bats
  6 giant cockroaches
  7 goblins
  7 hobgoblins
  4 jackals
  18 kobolds
  4 frilled lizards
  12 rats
  3 plants
1038 creatures vanquished.

Vanquished Creatures (collateral kills)
  A stone giant (Orc:1)
  Azrael (Snake:1)
  A green death (Snake:1)
  Erolcha (D:10)
  A naga warrior (Snake:3)
  An ogre mage (Orc:1)
  A hydra (D:12)
  A death knight (D:12)
  A two-headed ogre (Orc:1)
  An orc high priest (Orc:2)
  A skeletal warrior (D:12)
  4 naga ritualists (Snake:1)
  A swamp dragon (shapeshifter) (D:12)
  3 orc knights
  2 oklob plants (D:11)
  A manticore (D:12)
  An ugly thing (D:12)
  A cyclops (D:11)
  2 salamanders (Snake:3)
  A guardian serpent (Snake:3)
  A naga mage (Snake:1)
  A black mamba (Snake:3)
  2 gargoyles
  A yaktaur (shapeshifter) (D:12)
  A wraith (D:12)
  A yak (D:12)
  2 fire elementals (Snake:1)
  2 hogs (Lair:5)
  2 vampire mosquitoes (D:12)
  7 nagas
  A floating eye (D:11)
  8 orc warriors
  An ogre (Orc:1)
  A bullfrog (D:12)
  A scorpion (D:12)
  6 orc priests
  An orc wizard (D:12)
  A shadow imp (D:12)
  15 orcs
  A quokka (D:12)
83 creatures vanquished.

Vanquished Creatures (others)
  A tengu warrior (D:14)
  A hornet (Swamp:4)
  A slime creature (Swamp:2)
  2 bushes (Swamp:4)
  24 fungi
  22 plants
51 creatures vanquished.

Grand Total: 1172 creatures vanquished

Notes
Turn   | Place    | Note
-------+----------+-------------------------------------------
     0 | D:1      | troglodite the Demonspawn Berserker began the quest for the
                  | Orb.
     0 | D:1      | Reached XP level 1. HP: 18/18 MP: 1/1
   184 | D:1      | Gained mutation: You sometimes gain a little power by
                  | taking damage. [demonic ancestry]
   184 | D:1      | Reached XP level 2. HP: 17/24 MP: 2/2
   698 | D:1      | Reached XP level 3. HP: 30/30 MP: 3/3
   708 | D:1      | Reached ** piety under Trog
  1865 | D:3      | Reached skill level 4 in Fighting
  1865 | D:3      | Gained mutation: You sometimes gain power by taking damage.
                  | [demonic ancestry]
  1865 | D:3      | Reached XP level 4. HP: 37/37 MP: 4/4
  2031 | D:3      | Noticed Terence
  2037 | D:3      | Killed Terence
  2075 | D:3      | Found a sparkling altar of Nemelex Xobeh.
  2176 | D:3      | Found a sacrificial altar of Ru.
  2372 | D:3      | Gained mutation: You are surrounded by a mild repulsion
                  | field. (EV +2) [demonic ancestry]
  2372 | D:3      | Reached XP level 5. HP: 42/42 MP: 2/5
  2376 | D:3      | Reached *** piety under Trog
  2716 | D:4      | Noticed an ogre
  2722 | D:4      | Killed an ogre
  2722 | D:4      | Reached XP level 6. HP: 48/48 MP: 6/6
  3005 | D:4      | Reached skill level 5 in Long Blades
  3048 | D:4      | Found a staircase to the Ecumenical Temple.
  3054 | D:4      | Gained mutation: You are surrounded by a moderate repulsion
                  | field. (EV +3) [demonic ancestry]
  3054 | D:4      | Reached XP level 7. HP: 53/55 MP: 7/7
  3171 | D:5      | Entered Level 5 of the Dungeon
  3456 | D:5      | Reached skill level 5 in Fighting
  3465 | D:5      | Noticed Edmund
  3476 | D:5      | Killed Edmund
  3531 | D:5      | Gained mutation: You have a pair of small horns on your
                  | head. [demonic ancestry]
  3531 | D:5      | Reached XP level 8. HP: 60/62 MP: 8/8
  3626 | D:5      | Noticed Menkaure
  3636 | D:5      | Killed Menkaure
  4261 | D:6      | Reached skill level 5 in Armour
  4305 | D:6      | Got an ichor-stained ring mail
  4316 | D:6      | Identified the +1 ring mail of Joy {Regen+ rCorr Dex+3}
                  | (You found it on level 6 of the Dungeon)
  4320 | D:6      | Reached **** piety under Trog
  4336 | D:6      | Got a vibrating turquoise ring
  4338 | D:6      | Identified the ring of Contention {MR- AC+4 Int+7} (You
                  | found it on level 6 of the Dungeon)
  4563 | D:6      | Reached skill level 6 in Fighting
  5060 | D:7      | Gained mutation: You are slightly more attuned to the
                  | shadows. [demonic ancestry]
  5060 | D:7      | Reached XP level 9. HP: 69/69 MP: 9/9
  5161 | D:7      | Noticed Dowan
  5163 | D:7      | Noticed Duvessa
  5171 | D:7      | Killed Dowan
  5178 | D:7      | Killed Duvessa
  5266 | D:7      | Found a deep blue altar of Sif Muna.
  5270 | D:7      | Found a bloodstained altar of Trog.
  5277 | D:7      | Found a white marble altar of Elyvilon.
  5714 | D:7      | Reached skill level 5 in Dodging
  5971 | D:8      | Found a shimmering altar of Xom.
  6238 | D:8      | Reached skill level 1 in Stealth
  6274 | D:8      | Reached skill level 7 in Fighting
  6800 | D:9      | Got a vibrating tin ring
  6818 | D:9      | Found a glowing silver altar of Zin.
  6915 | D:9      | Reached XP level 10. HP: 79/79 MP: 7/10
  7135 | D:10     | Entered Level 10 of the Dungeon
  7190 | D:10     | Reached ***** piety under Trog
  7308 | D:10     | Reached skill level 8 in Fighting
  7324 | D:10     | Found a shadowy altar of Dithmenos.
  7440 | D:10     | Noticed an unseen horror
  7456 | D:10     | Killed an unseen horror
  7458 | D:10     | Identified the ring "Gifosh" {rC+ MP+9} (You found it on
                  | level 9 of the Dungeon)
  7628 | D:10     | Found Osiefeid's Weapon Boutique.
  7663 | D:10     | Noticed Erolcha
  7685 | D:10     | Killed Erolcha
  8014 | D:11     | Got a glittering marble ring
  8016 | D:11     | Identified the ring "Laexkonoima" {Wiz *Drain MR+++ Int+6}
                  | (You found it on level 11 of the Dungeon)
  8064 | D:11     | Got a spiked scale mail
  8080 | D:11     | Identified the +6 scale mail of the Queen {+Fly rF- rN+
                  | Int+3} (You found it on level 11 of the Dungeon)
  8235 | D:11     | Noticed a manticore
  8238 | D:11     | Noticed a green ugly thing
  8248 | D:11     | Killed a manticore
  8248 | D:11     | Reached XP level 11. HP: 87/87 MP: 11/11
  8257 | D:11     | Killed a green ugly thing
  8295 | D:11     | Noticed an oklob plant
  8299 | D:11     | Noticed an oklob plant
  8453 | D:11     | Noticed an oklob plant
  8455 | D:11     | Noticed an oklob plant
  8456 | D:11     | Paralysed by a floating eye for 3 turns
  8458 | D:11     | Killed an oklob plant
  8462 | D:11     | Killed an oklob plant
  8462 | D:11     | Reached skill level 9 in Fighting
  8462 | D:11     | Paralysed by a floating eye for 2 turns
  8477 | D:11     | Killed an oklob plant
  8606 | D:11     | Killed an oklob plant
  8936 | D:11     | Reached skill level 10 in Long Blades
  9812 | D:11     | Found a staircase to the Lair.
 10014 | D:12     | Noticed a deep elf mage
 10026 | D:12     | Killed a deep elf mage
 10046 | D:12     | Noticed a skeletal warrior
 10059 | D:12     | Killed a skeletal warrior
 10066 | D:12     | Noticed a death knight
 10068 | D:12     | Reached skill level 10 in Fighting
 10072 | D:12     | Killed a death knight
 10264 | D:12     | Gained mutation: You are powered by pain. [demonic
                  | ancestry]
 10264 | D:12     | Reached XP level 12. HP: 97/97 MP: 8/12
 10442 | D:12     | Found a staircase to the Orcish Mines.
 10995 | D:12     | Noticed a two-headed ogre
 11022 | D:12     | Killed a two-headed ogre
 11104 | D:12     | Noticed a centaur warrior
 11113 | D:12     | Killed a centaur warrior
 11334 | D:12     | Noticed a two-headed ogre
 11345 | D:12     | Killed a two-headed ogre
 11353 | D:12     | Found the +8 storm bow {elec}
 11355 | D:12     | Noticed a six-headed hydra
 11367 | D:12     | Killed an eight-headed hydra
 11605 | D:12     | Received a gift from Trog
 11626 | D:12     | Reached skill level 11 in Fighting
 12790 | Orc:1    | Entered Level 1 of the Orcish Mines
 12849 | Orc:1    | Noticed a two-headed ogre
 12851 | Orc:1    | Noticed a two-headed ogre
 12853 | Orc:1    | Noticed a two-headed ogre
 12854 | Orc:1    | Noticed an ogre mage
 12854 | Orc:1    | Noticed a two-headed ogre
 12859 | Orc:1    | Killed a two-headed ogre
 12863 | Orc:1    | Killed a two-headed ogre
 12865 | Orc:1    | Killed a two-headed ogre
 12866 | Orc:1    | Killed an ogre mage
 12867 | Orc:1    | Reached skill level 1 in Bows
 12872 | Orc:1    | Killed a two-headed ogre
 12872 | Orc:1    | Gained mutation: You are significantly more attuned to the
                  | shadows. [demonic ancestry]
 12872 | Orc:1    | Reached XP level 13. HP: 106/106 MP: 3/13
 13170 | Orc:2    | Entered Level 2 of the Orcish Mines
 13223 | Orc:2    | Found a staircase to the Elven Halls.
 13275 | Orc:2    | Reached skill level 10 in Armour
 13609 | Orc:2    | Received a gift from Trog
 13978 | Orc:1    | Noticed a stone giant
 13987 | Orc:1    | Killed a stone giant
 14589 | Orc:1    | Noticed an ettin
 14597 | Orc:1    | Killed an ettin
 14802 | Orc:1    | Found a roughly hewn altar of Beogh.
 15087 | Orc:2    | Found Hugo's Food Emporium.
 15089 | Orc:2    | Found Nufraell's Distillery.
 15091 | Orc:2    | Found Kadibban's Jewellery Shoppe.
 15974 | Orc:2    | Found Poraen's Magic Scroll Emporium.
 16013 | Orc:2    | Bought a potion of curing for 39 gold pieces
 16013 | Orc:2    | Bought 2 potions of heal wounds for 130 gold pieces
 16120 | D:13     | Reached skill level 12 in Fighting
 16665 | D:13     | Paralysed by a hornet for 1 turns
 16669 | D:13     | Received a gift from Trog
 16709 | D:13     | Reached XP level 14. HP: 73/115 MP: 4/14
 17123 | D:13     | Received a gift from Trog
 17489 | D:13     | Found a gate to the Vaults.
 17722 | D:14     | Found a flagged portal.
 17775 | D:14     | Identified a scroll of acquirement
 17790 | Bailey   | Entered a bailey
 18040 | Bailey   | Received a gift from Trog
 18175 | Bailey   | Found a roughly hewn altar of Beogh.
 18303 | D:14     | Got a polished halberd
 18304 | D:14     | Identified the +4 halberd of Kestreg {drain, *Rage Int+10}
                  | (You found it on level 14 of the Dungeon)
 18745 | D:14     | Reached skill level 10 in Dodging
 18994 | D:14     | Reached skill level 5 in Bows
 19074 | D:14     | Found Jokodec's Jewellery Boutique.
 19079 | D:14     | Bought the amulet of Wium {Reflect rElec rPois Int-2 SH+2
                  | SInv} for 282 gold pieces
 19081 | D:14     | Bought the ring "Qaghodghu" {+Blink rPois rN++ Str+2} for
                  | 398 gold pieces
 19263 | D:14     | Noticed Snorg
 19273 | D:14     | Killed Snorg
 19531 | Lair:1   | Entered Level 1 of the Lair of Beasts
 19739 | Lair:1   | Reached skill level 13 in Fighting
 20023 | Lair:1   | Noticed Sonja
 20037 | Lair:1   | Reached skill level 5 in Stealth
 20153 | Lair:1   | Killed Sonja
 20229 | Lair:1   | Noticed Gastronok
 20239 | Lair:1   | Killed Gastronok
 20566 | Lair:2   | Received a gift from Trog
 20692 | Lair:2   | Found a staircase to the Swamp.
 20980 | Lair:2   | Noticed Nergalle
 20989 | Lair:2   | Killed Nergalle
 21656 | Lair:3   | Found the +4 dagger "Morg" {pain, MR+ Int+5}
 21661 | Lair:3   | Reached XP level 15. HP: 89/124 MP: 15/15
 21711 | Lair:3   | Got a steaming flail
 21715 | Lair:3   | Identified the +3 flail of Reason {vamp, rElec rF+++ Int+2
                  | Dex-5} (You found it on level 3 of the Lair of Beasts)
 22659 | Lair:4   | Found a blossoming altar of Fedhas.
 23005 | Lair:4   | Received a gift from Trog
 23200 | Lair:4   | Found a staircase to the Snake Pit.
 23849 | Lair:5   | Found a runed translucent door.
 23877 | Lair:5   | Noticed slayr's ghost (journeyman DEFE)
 23892 | Lair:5   | Killed slayr's ghost
 23892 | Lair:5   | Reached skill level 1 in Shields
 24185 | Lair:5   | Noticed Kirke
 24195 | Lair:5   | Killed Kirke
 24567 | Lair:6   | Entered Level 6 of the Lair of Beasts
 25604 | Lair:6   | Reached skill level 14 in Fighting
 26144 | Lair:6   | Got a twisted ring mail
 26147 | Lair:6   | Identified the cursed +1 ring mail "Caivat" {rElec rF- rC+}
                  | (You found it on level 6 of the Lair of Beasts)
 26283 | Lair:6   | Received a gift from Trog
 26356 | Lair:6   | Found a staircase to the Slime Pits.
 26651 | Lair:6   | Gained mutation: You have a pair of horns on your head.
                  | [demonic ancestry]
 26651 | Lair:6   | Reached XP level 16. HP: 49/133 MP: 16/16
 26665 | Lair:6   | Got an ancient sapphire amulet
 27283 | Lair:6   | Identified the amulet "Zeshurad" {Fragile rElec rF+ Regen+
                  | Dex+3} (You found it on level 6 of the Lair of Beasts)
 27445 | Swamp:1  | Entered Level 1 of the Swamp
 29331 | Swamp:3  | Received a gift from Trog
 29635 | Swamp:3  | Received a gift from Trog
 30406 | Swamp:4  | Entered Level 4 of the Swamp
 30668 | Swamp:4  | Reached skill level 5 in Shields
 31225 | Swamp:4  | Reached skill level 15 in Fighting
 31550 | Swamp:4  | Noticed the 27-headed Lernaean hydra
 32541 | Swamp:4  | Killed the ten-headed Lernaean hydra
 32541 | Swamp:4  | Reached XP level 17. HP: 84/142 MP: 17/17
 32547 | Swamp:4  | Got a decaying rune of Zot
 32995 | Snake:1  | Entered Level 1 of the Snake Pit
 33282 | Snake:1  | Received a gift from Trog
 33284 | Snake:1  | Noticed Azrael
 33295 | Snake:1  | Killed Azrael
 33657 | Snake:1  | Found a runed translucent door.
 33704 | Snake:1  | Received a gift from Trog
 34054 | Snake:2  | Received a gift from Trog
 34279 | Snake:2  | Got a faintly glowing arbalest
 34285 | Snake:2  | You fall through a shaft!
 34328 | Snake:3  | Received a gift from Trog
 34356 | Snake:3  | Paralysed by fainting for 7 turns
 34514 | Snake:2  | Identified the +2 arbalest of Deofoat {venom, rElec Str+3
                  | SInv} (You found it on level 2 of the Snake Pit)
 34734 | Snake:3  | Noticed Bai Suzhen
 34743 | Snake:3  | Received a gift from Trog
 34772 | Snake:3  | Collided with a stone wall

Skill      XL: |  1  2  3  4  5  6  7  8  9 10 11 12 13 14 15 16 17 |
---------------+----------------------------------------------------+-----
Dodging        | 2 3 4 5 6 8 9 10 11 12 | 12.0
Long Blades    | 3 4 5 6 8 9 10 11 12 13 14 | 14.5
Armour         | 2 3 4 5 6 7 8 9 10 11 12 13 | 13.1
Fighting       | 4 5 6 7 8 10 11 12 13 14 15 | 15.4
Stealth        | 1 2 3 4 5 6 |  6.5
Bows           | 1 3 5 7 8 |  8.6
Shields        | 3 6 8 |  8.0

Action                   |  1- 3 |  4- 6 |  7- 9 | 10-12 | 13-15 | 16-18 || total
-------------------------+-------+-------+-------+-------+-------+-------++-------
Melee: Falchion          |   146 |   106 |   431 |   821 |   834 |    93 ||  2431
       Headbutt          |       |       |   116 |   275 |   461 |   274 ||  1126
       Scimitar          |       |       |       |       |   584 |   717 ||  1301
 Fire: Longbow           |       |       |       |       |    37 |    15 ||    52
Invok: Berserk           |     2 |     4 |    13 |    22 |    37 |     7 ||    85
       Trog's Hand       |       |       |     1 |       |     1 |       ||     2
       Brothers in Arms  |       |       |       |     9 |    14 |    10 ||    33
  Use: Potion            |       |       |     3 |       |     1 |     1 ||     5
       Scroll            |       |       |       |       |    39 |    15 ||    54
 Stab: Sleeping          |       |       |     2 |     6 |    35 |    19 ||    62
       Distracted        |       |       |       |     2 |     4 |     2 ||     8
       Petrified         |       |       |       |       |     2 |       ||     2
       Petrifying        |       |       |       |       |     1 |       ||     1
  Eat: Chunk             |     2 |     7 |    15 |    38 |    49 |    17 ||   128
       Ration            |     1 |       |     3 |     2 |    13 |     7 ||    26
Armor: Animal skin       |    11 |       |       |       |       |       ||    11
       Chain mail        |    52 |    56 |    96 |       |       |       ||   204
       Ring mail         |     7 |       |    70 |    34 |       |       ||   111
       Scale mail        |       |       |       |   213 |   472 |   319 ||  1004
Dodge: Dodged            |    65 |    53 |   387 |   634 |  1142 |   639 ||  2920
Block: Other             |       |       |       |       |    19 |       ||    19
       Shield            |       |       |       |       |   187 |   461 ||   648
       Rpst.: Falchion   |    27 |    13 |   118 |   161 |   161 |    12 ||   492
       Scimitar          |       |       |       |       |   112 |    86 ||   198
